 Dungeon Crawl Stone Soup version 0.27.1-33-g824d729ab1 (webtiles) character file.

Game seed: 9118378455290232137

410 pkoi the Ruffian (level 6, 0/47 HPs)
             Began as a Draconian Transmuter on Dec 5, 2021.
             Slain by Sigmund (3 damage)
             ... on level 4 of the Dungeon.
             The game lasted 00:04:31 (3705 turns).

pkoi the Ruffian (Draconian Transmuter)             Turns: 3705, Time: 00:04:31

Health: 0/47       AC: 11    Str: 12    XL:     6   Next: 58%
Magic:  8/9        EV: 12    Int: 16    God:
Gold:   149        SH:  0    Dex: 11    Spells: 6/9 levels left

rFire    . . .     SeeInvis .     - Unarmed
rCold    . . .     Faith    .   (no shield)
rNeg     . . .     Spirit   .   (armour unavailable)
rPois    +         Reflect  .   (helmet currently unavailable)
rElec    .         Harm     .   (no cloak)
rCorr    .         Rampage  .   i - +0 pair of gloves
Will     .....                  (boots currently unavailable)
Stlth    +.........             (no amulet)
HPRegen  0.15/turn              c - ring of poison resistance
MPRegen  0.11/turn              h - +4 ring of protection

@: appendages (expiring), wereblooded (expiring)
A: horns 2, talons 2, AC +6, unfitting armour, cold-blooded
a: End Transformation


You were on level 4 of the Dungeon.
You had temporarily grown beastly horns and talons.
You visited 1 branch of the dungeon, and saw 4 of its levels.

You collected 149 gold pieces.

Inventory:

Armour
 i - a +0 pair of gloves (worn)
Jewellery
 c - a ring of poison resistance (left hand)
 f - an amulet of faith
 h - a +4 ring of protection (right hand)
Scrolls
 e - 2 scrolls of teleportation
 g - 6 scrolls of fear
Potions
 a - a potion of might
 b - 5 potions of lignification
 d - 2 potions of curing
 j - 3 potions of flight
 k - a potion of cancellation {unknown}


   Skills:
 - Level 1.1 Fighting
 - Level 1.7 Dodging
 + Level 6.4 Unarmed Combat
 - Level 2.0 Spellcasting
 + Level 4.3 Transmutations


You had 6 spell levels left.
You knew the following spells:

 Your Spells              Type           Power      Damage    Failure   Level
a - Beastly Appendage     Tmut           30%        N/A       3%          1
b - Wereblood             Tmut           15%        N/A       5%          2

Your spell library contained the following spells:

 Spells                   Type           Power      Damage    Failure   Level
 Spider Form              Tmut/Pois      4%         N/A       26%         3
 Corpse Rot               Necr/Air       N/A        N/A       30%         2
 Poisonous Vapours        Pois/Air       2%         N/A       30%         2
 Ozocubu's Armour         Ice            1%         N/A       52%         3
 Ice Form                 Ice/Tmut       8%         N/A       63%         4
 Freezing Cloud           Conj/Ice/Air   0%         6-21      99%         5
 Ozocubu's Refrigeration  Ice            0%         4d5       100%        7


Dungeon Overview and Level Annotations

Branches:
Dungeon (4/15)
 Temple: D:4-7

Altars:
Fedhas
Yredelemnul

Annotations:
D:4 Sigmund


Innate Abilities, Weirdness & Mutations

You have temporarily grown beastly horns and talons.
Your plain brown scales are hard. (AC +6)
You cannot fit into any form of body armour.
You are cold-blooded and may be slowed by cold attacks.


Message History

You punch Natasha!
Natasha is heavily wounded.
Natasha claws you but does no damage. Something hits you. Something burns you.
Unknown command.
You bump into the rock wall.
You howl as the wereblood boils in your veins!
Natasha casts a spell at you. You resist with some effort.
The orc hits you but does no damage.
You bump into the rock wall.
Your transformation is almost over.
The orc hits you with a +0 club. Natasha claws you.
Something hits you but does no damage.
You barely miss Natasha.
Natasha is heavily wounded.
Natasha claws you! The orc misses you.
Unknown command.
You bump into the rock wall.
Something hits you but does no damage. The orc hits you but does no damage.
Natasha casts a spell.
Unknown command.
You bump into the rock wall.
Your primal bloodlust is almost over.
The orc hits you but does no damage. Natasha barely misses you.
Something hits you!
* * * LOW HITPOINT WARNING * * *
Something burns you.
* * * LOW HITPOINT WARNING * * *
You bump into the rock wall.
You feel less confused. The orc closely misses you. Natasha claws you.
* * * LOW HITPOINT WARNING * * *
Unknown command.
You punch Natasha!
You feel a bit better.
You kill Natasha!
Natasha screams in fury as she dies!
The white imp disappears in a puff of smoke!
Something hits you.
* * * LOW HITPOINT WARNING * * *
Something burns you.
You die...

.. ..#............ >.
#.............#....
..##......(...##... .##
#...............
....$.......#... .
####..####@.....# ...
#......##....#
.....########.##.........
#..ยง.@oo......##......
#######{..............
#.....#####.......
#.#.##..........#. #...#
......#.###. #..##
........###. ....
............ ##.o
#........... #########


You could see 2 orcs.

Vanquished Creatures
  A water moccasin (D:4)
  A hound (D:4)
  An orc priest (D:4)
  An iguana (D:4)
  Natasha (D:4)
  An orc wizard (D:4)
  7 gnolls (D:4)
  7 adders
  An adder skeleton (D:4)
  A dart slug (D:1)
  An orc (D:4)
  8 endoplasms
  3 giant cockroaches
  3 goblins
  6 hobgoblins
  4 jackals (D:4)
  A quokka (D:2)
  2 ball pythons (D:3)
  3 bats
  3 frilled lizards
  3 kobolds (D:1)
  5 rats
64 creatures vanquished.

Vanquished Creatures (collateral kills)
  A jelly (D:4)
1 creature vanquished.

Grand Total: 65 creatures vanquished

Notes
Turn   | Place    | Note
-------+----------+-------------------------------------------
     0 | D:1      | pkoi the Draconian Transmuter began the quest for the Orb.
     0 | D:1      | Reached XP level 1. HP: 16/16 MP: 3/3
   172 | D:1      | Reached XP level 2. HP: 9/23 MP: 5/5
   801 | D:1      | Reached skill level 4 in Unarmed Combat
  1132 | D:1      | Found a faded altar of an unknown god.
  1361 | D:2      | Learned a level 2 spell: Wereblood
  1380 | D:2      | Reached XP level 3. HP: 4/28 MP: 2/6
  2344 | D:3      | Found a basalt altar of Yredelemnul.
  2658 | D:3      | Reached skill level 5 in Unarmed Combat
  2658 | D:3      | Reached XP level 4. HP: 35/35 MP: 5/7
  3214 | D:4      | Noticed Sigmund
  3214 | D:4      | Noticed a water moccasin
  3398 | D:4      | Found a blossoming altar of Fedhas.
  3466 | D:4      | Killed a water moccasin
  3467 | D:4      | Reached XP level 5. HP: 29/40 MP: 5/8
  3485 | D:4      | Reached skill level 6 in Unarmed Combat
  3485 | D:4      | Reached XP level 6. HP: 38/47 MP: 4/9
  3692 | D:4      | Noticed Natasha
  3705 | D:4      | Killed Natasha
  3705 | D:4      | Slain by Sigmund

Illustrated notes

Levels and vault maps discovered:
D:1:      dpeg_arrival_tiny_i, layout_basic, serial_aquarium,
          aquarium_bridge_long_separate [aquarium_subvault_bridge,
          aquarium_subvault_wall, aquarium_subvault_bridge,
          aquarium_subvault_wall, aquarium_subvault_wall,
          aquarium_subvault_bridge], aquarium_window_2, aquarium_window_2,
          aquarium_view_2e, aquarium_view_2c,
          shapermc_ecumenical_altar_acropolis
D:2:      layout_loops_ring, kennysheep_another_room, minmay_curled_crystal,
          minmay_split_cup_large
D:3:      layout_loops_corners, mainiacjoe_overflow_small_starburst,
          minmay_misc_feat_chi, corner_web_ring, minmay_cupped
D:4:      layout_rooms, mainiacjoe_overflow_concentric_impassable, uniq_natasha,
          uniq_sigmund

Skill      XL: |  1  2  3  4  5  6 |
---------------+-------------------+-----
Unarmed Combat | 4 5 6 |  6.4
Transmutations | 3 4 |  4.3
Fighting       | |  1.1
Dodging        | |  1.7
Spellcasting   | |  2.0

Action                   |  1- 3 |  4- 6 || total
-------------------------+-------+-------++-------
Melee: Unarmed           |   116 |   112 ||   228
       Tailslap          |     9 |    10 ||    19
       Kick              |     6 |     7 ||    13
       Headbutt          |     2 |     5 ||     7
       Punch             |     1 |     3 ||     4
 Cast: Beastly Appendage |     7 |     7 ||    14
       Wereblood         |     1 |     4 ||     5
  Use: Scroll            |     7 |     2 ||     9
Armor: Skin              |    39 |    64 ||   103
Dodge: Dodged            |    66 |    90 ||   156
